 Dungeon Crawl Stone Soup version 0.26-a0-21-gf97e55d (webtiles) character file.

Game seed: 9030342989475018133, levelgen mode: deterministic

2361 Faca the Fighter (level 9, -2/85 HPs)
             Began as a Ghoul Fighter on May 26, 2020.
             Was a Follower of Okawaru.
             Slain by a gnoll sergeant
             ... wielding a +0 glaive
              (15 damage)
             ... in a bailey.
             The game lasted 00:11:16 (8275 turns).

Faca the Fighter (Ghoul Fighter)                    Turns: 8275, Time: 00:11:17

Health: -2/85      AC:  9    Str: 23    XL:     9   Next: 44%
Magic:  7/8        EV:  3    Int:  3    God:    Okawaru [*.....]
Gold:   340        SH:  0    Dex:  8    Spells: 8/8 levels left

rFire    . . .     SeeInvis .     - Unarmed
rCold    + . .     Gourm    .   b - +1 kite shield
rNeg     + + +     Faith    .   g - +0 chain mail
rPois    ∞         Spirit   .   w - +1 hat
rElec    .         Reflect  .   (no cloak)
rCorr    .         Harm     .   (no gloves)
MR       .....                  (no boots)
Stlth    ..........             (no amulet)
HPRegen  0.00/turn              (no ring)
MPRegen  0.11/turn              (no ring)

@: about to teleport, held, rotting, glowing
A: rotting body, claws 1, carnivore, cold resistance 1, negative energy
resistance 3, inhibited regeneration, torment resistance, unbreathing
a: Heroism, Renounce Religion


You were in a bailey.
You worshipped Okawaru.
Okawaru was aware of your devotion.
You were not hungry.

You visited 1 branch of the dungeon, and saw 7 of its levels.
You also visited: Sewer and Bailey.

You collected 340 gold pieces.

Inventory:

Missiles
 q - 2 throwing nets
 r - 13 boomerangs (quivered)
Armour
 b - a +1 kite shield (worn)
 g - a +0 chain mail (worn)
 w - a +1 hat (worn)
Jewellery
 m - an uncursed ring of ice
 o - an uncursed ring of fire
Wands
 i - a wand of flame (13)
Scrolls
 f - 2 scrolls of remove curse
 k - 2 scrolls of teleportation
 s - a scroll of magic mapping
Potions
 c - a potion of might
 e - 3 potions of haste
 h - a potion of invisibility {unknown}
 j - a potion of mutation {unknown}
 l - a potion of ambrosia {unknown}
 n - a potion of curing
 p - 2 potions of magic {unknown}
 t - a potion of berserk rage {unknown}
 v - a potion of brilliance {unknown}
 x - a potion of stabbing {unknown}
Comestibles
 a - 4 chunks of flesh
 d - 10 rations


   Skills:
 + Level 10.1 Fighting
 - Level 2.6 Armour
 - Level 2.6 Shields
 + Level 9.8 Unarmed Combat


You had 8 spell levels left.
You didn't know any spells.
Your spell library was empty.

Dungeon Overview and Level Annotations

Branches:
Dungeon (7/15)             Temple (0/1) D:7           Sewer (visited)
 Bailey (1/1)

Altars:
Elyvilon
Gozag
Kikubaaqudgha
Okawaru
The Shining One


Innate Abilities, Weirdness & Mutations

Your body is rotting away.
You thrive on raw meat.
You are immune to poison.
You have sharp fingernails.
You are carnivorous and can eat meat at any time.
Your flesh is cold resistant. (rC+)
You are immune to negative energy. (rN+++)
You do not regenerate when monsters are visible.
You are immune to unholy pain and torment.
You can survive without breathing.


Message History

You claw the gnoll sergeant!
The gnoll sergeant is heavily wounded.
The gnoll shaman hits you from afar with a +0 halberd!
* * * LOW HITPOINT WARNING * * *
You block the gnoll's attack.
The gnoll sergeant hits you with a +0 glaive.
* * * LOW HITPOINT WARNING * * *
You completely miss the gnoll sergeant.
The gnoll sergeant is heavily wounded.
As you read the scroll of teleportation, it crumbles to dust.
You feel strangely unstable.
The gnoll shaman hits you from afar with a +0 halberd.
* * * LOW HITPOINT WARNING * * *
The gnoll hits you but does no damage. You block the gnoll sergeant's attack.
You block the gnoll's attack.
You feel like a meek peon again.
The gnoll throws a throwing net.
The throwing net hits you.
You become entangled in the net!
The gnoll sergeant hits you with a +0 glaive!
You die...

#...≈≈♣♣ ###..≈.♣
#..≈.♣♣ #..≈..♣♣ ###
#..≈...♣ #... #..≈...♣
..... #####..≈...♣♣
g.$...#...').g....♣♣♣#
.g8...'.(.).g.@..))÷∩#
..$...#...'g.)....♣♣♣#
..... #####..≈...♣♣
#... #..≈..♣♣ ###
#..≈..♣ #..≈..♣
#..≈.♣♣ ###..≈.♣
#...≈≈♣♣


You could see a gnoll sergeant, a gnoll shaman and a gnoll.

Vanquished Creatures
  2 orc warriors (D:6)
  A necrophage (D:4)
  A phantom (D:6)
  5 ogres
  2 centaurs
  4 big kobolds (Sewer)
  A gnoll sergeant (Bailey)
  A scorpion (D:5)
  5 howler monkeys
  2 crimson imps (D:6)
  A centaur skeleton (D:6)
  An orc priest (D:5)
  3 hounds
  An iguana (D:6)
  4 orc wizards
  5 worker ants
  A hound skeleton (D:5)
  A worker ant zombie (D:6)
  7 gnolls
  7 adders
  2 river rats (Sewer)
  2 shadow imps (D:5)
  5 oozes
  An adder zombie (D:5)
  An adder skeleton (D:4)
  6 worms
  5 dart slugs
  5 leopard geckos
  22 orcs
  5 ball pythons
  4 giant cockroaches
  10 goblins
  9 hobgoblins
  4 jackals (D:1)
  15 kobolds
  5 bats
  3 frilled lizards
  6 rats
165 creatures vanquished.

Notes
Turn   | Place    | Note
-------+----------+-------------------------------------------
     0 | D:1      | Faca the Ghoul Fighter began the quest for the Orb.
     0 | D:1      | Reached XP level 1. HP: 19/19 MP: 0/0
   184 | D:1      | Reached XP level 2. HP: 26/26 MP: 1/1
   553 | D:1      | Reached skill level 4 in Fighting
   553 | D:1      | Reached XP level 3. HP: 33/33 MP: 2/2
  1402 | D:2      | Found a white marble altar of Elyvilon.
  2024 | D:3      | Reached XP level 4. HP: 27/41 MP: 3/3
  2910 | D:4      | Found a glowing drain.
  2948 | Sewer    | Entered a sewer
  3172 | Sewer    | Noticed a big kobold
  3198 | Sewer    | Killed a big kobold
  3198 | Sewer    | Reached skill level 5 in Fighting
  3198 | Sewer    | Reached XP level 5. HP: 23/48 MP: 4/4
  3456 | Sewer    | Noticed a big kobold
  3481 | Sewer    | Killed a big kobold
  3481 | Sewer    | Reached skill level 5 in Unarmed Combat
  3481 | Sewer    | Reached XP level 6. HP: 41/57 MP: 5/5
  4145 | Sewer    | Reached skill level 6 in Fighting
  4211 | Sewer    | Reached XP level 7. HP: 56/64 MP: 6/6
  4598 | D:4      | Reached skill level 7 in Fighting
  4869 | D:4      | Reached XP level 8. HP: 59/73 MP: 7/7
  5330 | D:5      | Entered Level 5 of the Dungeon
  5578 | D:5      | Found an iron altar of Okawaru.
  5627 | D:5      | Became a worshipper of Warmaster Okawaru
  5905 | D:5      | Reached skill level 8 in Fighting
  6748 | D:6      | Found an ancient bone altar of Kikubaaqudgha.
  6748 | D:6      | Found an opulent altar of Gozag.
  6749 | D:6      | Found a glowing golden altar of the Shining One.
  6832 | D:6      | Reached skill level 9 in Fighting
  6843 | D:6      | Reached * piety under Okawaru
  7363 | D:6      | Reached XP level 9. HP: 81/83 MP: 8/8
  8083 | D:7      | Found a flagged portal.
  8095 | Bailey   | Entered a bailey
  8107 | Bailey   | Reached skill level 10 in Fighting
  8275 | Bailey   | Slain by a gnoll sergeant

Illustrated notes

Levels and vault maps discovered:
D:1:      eino_arrival_water_cross, layout_basic, serial_forest,
          infiniplex_forest_lined_ring, infiniplex_forest_clump_curved,
          infiniplex_forest_lined_3_way, infiniplex_forest_straight_3,
          infiniplex_forest_lined_room_2
D:2:      layout_basic, hex_tiny, elyvilon_altar_3
D:3:      layout_basic
D:4:      layout_basic, gup_sewer_entry_bubbles, first_ration
D:5:      layout_basic, basic_altar
D:6:      wander_river, layout_gridville, gammafunk_temple_overflow_claw,
          serial_bayou_crossing
D:7:      kennysheep_steamy, layout_rooms, kennysheep_mini_moat,
          marbit_many_paths, minmay_temple_entry_junction_2, enter_bailey_6
Bailey:   bailey_polearm_gnolls_kennysheep, bailey

Skill      XL: |  1  2  3  4  5  6  7  8  9 |
---------------+----------------------------+-----
Unarmed Combat | 3 4 5 7 8 9 |  9.8
Fighting       | 4 5 6 7 9 10 | 10.1
Armour         | |  2.6
Shields        | |  2.6

Action                   |  1- 3 |  4- 6 |  7- 9 || total
-------------------------+-------+-------+-------++-------
Melee: Unarmed           |   146 |   290 |   288 ||   724
Invok: Heroism           |       |       |     4 ||     4
  Use: Scroll            |     5 |     1 |     7 ||    13
       Potion            |       |       |     1 ||     1
  Eat: Chunk             |     3 |    12 |    16 ||    31
Armor: Scale mail        |    45 |    77 |    45 ||   167
       Chain mail        |       |       |    18 ||    18
Dodge: Dodged            |    31 |    60 |    47 ||   138
Block: Kite shield       |    71 |   111 |   127 ||   309

Table legend:
 A = Non-vault XP
 B = Vault XP
 C = Vault XP percentage of total XP
 D = Non-vault monster count
 E = Vault monster count
 F = Vault count percentage of total count
                 A         B        C        D         E       F
            +---------+---------+-------+---------+---------+-------
      Total |    2603 |     770 |  22.8 |     124 |      41 |  24.8
            +---------+---------+-------+---------+---------+-------
        D:1 |      51 |       0 |   0.0 |      25 |       0 |   0.0
        D:2 |      15 |       0 |   0.0 |       8 |       0 |   0.0
        D:3 |      29 |       0 |   0.0 |      15 |       0 |   0.0
        D:4 |     683 |      23 |   3.3 |      13 |       6 |  31.6
        D:5 |     604 |       0 |   0.0 |      27 |       0 |   0.0
        D:6 |    1221 |       0 |   0.0 |      36 |       0 |   0.0
      Sewer |       0 |     525 | 100.0 |       0 |      28 | 100.0
     Bailey |       0 |     222 | 100.0 |       0 |       7 | 100.0
            +---------+---------+-------+---------+---------+-------
